 Dungeon Crawl Stone Soup version 0.30-a0-458-g86641cc369 (webtiles) character file.

Game seed: 9003987088677631875

504 kae the Changer (level 6, -12/47 HPs)
             Began as a Draconian Transmuter on Dec 14, 2022.
             Was an Initiate of Ru.
             Mangled by an ice beast (13 damage)
             ... on level 5 of the Dungeon.
             The game lasted 00:05:18 (4221 turns).

kae the Changer (Draconian Transmuter)              Turns: 4221, Time: 00:05:19

Health: -12/47     AC:  6    Str: 13    XL:     6   Next: 96%
Magic:  8/11       EV: 12    Int: 21    God:    Ru [......]
Gold:   247        SH:  0    Dex: 11    Spells: 2/12 levels left

rFire   . . .      SeeInvis .      - Unarmed
rCold   . . .      Faith    .    (no shield)
rNeg    + . .      Spirit   .    (body armour unavailable)
rPois   .          Reflect  .    (helmet restricted)
rElec   .          Harm     .    (no cloak)
rCorr   .          Rampage  .    (no gloves)
Will    .....                    (no boots)
Stlth   +.........               g - amulet of regeneration
HPRegen 1.07/turn                N - ring of positive energy
MPRegen 0.12/turn                I - +6 ring of intelligence

@: slowed, very slow
A: AC +6, unfitting armour, cold-blooded
a: Renounce Religion


You were on level 5 of the Dungeon.
You worshipped Ru.
Ru was noncommittal.
You visited 2 branches of the dungeon, and saw 6 of its levels.

You collected 247 gold pieces.


Innate Abilities, Weirdness & Mutations

Your plain brown scales are hard. (AC +6)
You cannot fit into any form of body armour.
You are cold-blooded and may be slowed by cold attacks.


   Skills:
 - Level 1.1 Fighting
 - Level 1.7 Dodging
 - Level 3.0 Unarmed Combat
 + Level 3.8 Spellcasting
 * Level 5.6 Transmutations
 * Level 1.7 Ice Magic
 - Level 2.3 Poison Magic


You had 2 spell levels left.
You knew the following spells:

 Your Spells              Type           Power      Damage    Failure   Level
a - Beastly Appendage     Tmut           54%        N/A       1%          1
b - Wereblood             Tmut           27%        N/A       1%          2
c - Spider Form           Tmut/Pois      20%        N/A       7%          3
d - Ice Form              Ice/Tmut       19%        N/A       26%         4

Your spell library contained the following spells:

 Spells                   Type           Power      Damage    Failure   Level
 Sublimation of Blood     Necr           4%         N/A       19%         2
 Petrify                  Tmut/Erth      15%        N/A       36%         4
 Irradiate                Conj/Tmut      7%         3d14      71%         5

Inventory:

Missiles
 b - 73 stones
 c - 4 boomerangs
 l - 11 atropa-tipped darts
 n - a throwing net {=f!f}
 w - 4 poisoned darts
Magical Staves
 u - a staff of air {!a}
   (You found it on level 5 of the Dungeon)
Jewellery
 g - an amulet of regeneration (around neck)
   (You took it off a kobold on level 2 of the Dungeon)
 o - a ring of willpower
   (You found it on level 4 of the Dungeon)
 D - a +6 ring of dexterity
   (You found it on level 4 of the Dungeon)
 I - a +6 ring of intelligence (right hand)
   (You found it on level 3 of the Dungeon)
 L - a ring of flight
   (You found it on level 3 of the Dungeon)
 N - a ring of positive energy (left hand)
   (You found it on level 1 of the Dungeon)
 S - a +6 ring of strength
   (You found it on level 4 of the Dungeon)
Wands
 m - a wand of flame (26)
   (You found it on level 3 of the Dungeon)
 p - a wand of acid (3)
   (You found it on level 4 of the Dungeon)
Scrolls
 e - a scroll of blinking {!r}
 r - a scroll of amnesia {unknown}
 s - a scroll of teleportation {unknown}
 t - a scroll of enchant armour
Potions
 a - 2 potions of lignification {!q}
 d - 5 potions of heal wounds {unknown}
 f - a potion of haste {unknown}
 h - 3 potions of might
 i - 3 potions of curing {@q1}
 j - 3 potions of mutation {unknown}
 k - a potion of attraction {!q}
 q - a potion of ambrosia

Dungeon Overview and Level Annotations

Branches:
Dungeon (5/15) Zot: 25840  Temple (1/1) D:4 Zot: 5954

Altars:
Ashenzari
Cheibriados
Dithmenos
Fedhas
Gozag
Hepliaklqana
Kikubaaqudgha
Makhleb
Nemelex Xobeh
Okawaru
Qazlal
Ru
Sif Muna
Trog
Vehumet
Wu Jian
The Shining One

######...............#
...................#.#
######.###########.#.#
#............#.......#
#.####.#####.#.#.#...#
#.#..#.....#.#...#...#
#.#....###.#.#.#.#.###.#
#.###### #.#.#.........#
#.# #.#.#.#@#.##### ..#
#.#.# #Y#.# ..# #.#.#
#.#.# .#########.#.#
#.#.# ###........#.#
..#.#
###.########.#####.#
..#.# #..........# ..#.#
#.##.####### ..#.#
#.##.#


You could see an ice beast.


Message History

😎 HP[+5]
Your hp is fully restored (47).
t - a scroll of enchant armour Unknown command.
There is an open door here.
Found a stone staircase leading down.
You open the door.
There is an open door here.
Found a stone staircase leading up.
You open the door.
There is an open door here.
There is an open door here.
b - 73 stones (gained 6)
You now have 247 gold pieces (gained 14).
You open the door. You open the door.
There is an open door here.
You open the door.
There is an open door here.
Key pressed, stopping explore.
u - a staff of air {!a}
There is an open door here.
v - an inky potion You open the door.
There is an open door here.
w - 4 poisoned darts A centaur comes into view.
The centaur wields a +0 shortbow.
The centaur shoots an arrow.
The arrow closely misses you.
A centaur is nearby!
A centaur is nearby!
Casting: Spider Form (dangerous; 8% risk of failure)
Confirm with . or Enter, or press ? or * to list all spells.
You turn into a venomous arachnid creature.
The centaur shoots an arrow.
The arrow completely misses you. 😎 MP[-3]
You lost 3 mp, and now have 8/11 mp.
The centaur unwields a +0 shortbow.
The centaur misses you. The centaur closely misses you.
You hit the centaur but do no damage.
The centaur is poisoned.
The centaur hits you. The centaur closely misses you. The centaur hits you.
The centaur barely misses you.
You bite the centaur!
The centaur looks as sick as possible!
The centaur hits you.
The centaur closely misses you. 😕 HP[-10]
You take 10 damage, and now have 37/47 hp.
MASSIVE DAMAGE!! (PAUSE) Unknown command.
You hit the centaur but do no damage.
The centaur looks as sick as possible!
The centaur closely misses you. The centaur misses you.
You bite the centaur!
The centaur looks as sick as possible!
The centaur closely misses you. The centaur kicks you. The centaur misses you.
The centaur closely misses you.
You hit the centaur but do no damage.
The centaur looks as sick as possible!
You kill the centaur! 😕 HP[+1] No target in view!
No target in view!
You see here a +0 shortbow. 😕 HP[+1] MP[+1] Unknown command.
Unknown command.
Your transformation is almost over.
You see here a +0 shortbow.
Your transformation has ended. 😎 HP[+8] MP[+2]
Your hp is fully restored (47).
Your mp is fully restored (11).
An ice beast comes into view.
An ice beast is nearby!
An ice beast is nearby!
An ice beast is nearby!
Casting: Spider Form (dangerous; 7% risk of failure)
Confirm with . or Enter, or press ? or * to list all spells.
You turn into a venomous arachnid creature. 😎 MP[-3]
You lost 3 mp, and now have 8/11 mp.
The ice beast hits you. The ice beast freezes you!
You hit the ice beast. The ice beast hits you. The ice beast freezes you!
* * * LOW HITPOINT WARNING * * *
😨 HP[-27]
You take 27 damage, and now have 20/47 hp.
MASSIVE DAMAGE!! (PAUSE)
You barely miss the ice beast. The ice beast hits you.
* * * LOW HITPOINT WARNING * * *
The ice beast freezes you!
* * * LOW HITPOINT WARNING * * *
😱 HP[-18]
You take 18 damage, and now have 2/47 hp.
MASSIVE DAMAGE!! (PAUSE)
You barely miss the ice beast.
The ice beast closely misses you. 😱 HP[+1] It was a potion of cancellation.
Your magical effects are unravelling.
You feel magically purged.
Your transformation has ended.
The ice beast hits you.
* * * LOW HITPOINT WARNING * * *
The ice beast freezes you!
You feel yourself slow down.
You die...

Skill      XL: |  1  2  3  4  5  6 |
---------------+-------------------+-----
Transmutations | 3 4 5 |  5.6
Poison Magic   | 1 2 |  2.3
Spellcasting   | 3 |  3.8
Ice Magic      | 1 |  1.7
Fighting       | |  1.1
Dodging        | |  1.7
Unarmed Combat | |  3.0

Action                   |  1- 3 |  4- 6 || total
-------------------------+-------+-------++-------
Melee: Unarmed           |    99 |   205 ||   304
       Tailslap          |     7 |    13 ||    20
       Kick              |    12 |    34 ||    46
       Headbutt          |    10 |    13 ||    23
       Punch             |       |     4 ||     4
 Cast: Beastly Appendage |    23 |    32 ||    55
       Spider Form       |     1 |    11 ||    12
       Wereblood         |     1 |     2 ||     3
  Use: Scroll            |     4 |     8 ||    12
       Potion            |       |     1 ||     1
 Stab: Sleeping          |       |     1 ||     1
Armor: Skin              |    31 |    45 ||    76
Dodge: Dodged            |    71 |   179 ||   250

Levels and vault maps discovered:
D:1:      amcnicky_arrival_choice, layout_loops_ring
D:2:      layout_basic, grunt_decor_cap, uniq_robin
D:3:      layout_basic, marbit_many_paths
D:4:      minmay_bubble_buster, layout_cave_pools,
          minmay_temple_entry_stoned_glass
D:5:      layout_basic, serial_shops, nicolae_shop_crystal, uniq_menkaure
Temple:   lightli_temple_of_artemis

Notes
Turn   | Place    | Note
-------+----------+-------------------------------------------
     0 | D:1      | kae the Draconian Transmuter began the quest for the Orb.
     0 | D:1      | Reached XP level 1. HP: 16/16 MP: 3/3
     0 | D:1      | magus.rc [v1.11.3]
   179 | D:1      | Reached XP level 2. HP: 23/23 MP: 3/5
   335 | D:1      | You pick up a book of Alchemy and begin reading...
   335 | D:1      | You add the spells Sublimation of Blood, Petrify and
                  | Irradiate to your library.
   474 | D:1      | Reached skill level 3 in Transmutations
   611 | D:1      | Reached XP level 3. HP: 24/28 MP: 6/6
   614 | D:1      | Learned a level 2 spell: Wereblood
   618 | D:1      | Learned a level 3 spell: Spider Form
   929 | D:2      | Reached XP level 4. HP: 24/35 MP: 1/8
  1242 | D:2      | Noticed Robin
  1264 | D:2      | Killed Robin
  1273 | D:2      | Reached skill level 1 in Poison Magic
  1288 | D:2      | Reached skill level 4 in Transmutations
  1409 | D:2      | Reached skill level 3 in Spellcasting
  1420 | D:2      | Reached XP level 5. HP: 31/40 MP: 6/9
  1497 | D:2      | magus.rc [v1.11.3]
  1497 | D:2      | magus.rc [v1.11.3]
  2592 | D:3      | Found a hazy altar of Hepliaklqana.
  2774 | D:3      | Reached skill level 2 in Poison Magic
  3052 | D:4      | Found a staircase to the Ecumenical Temple.
  3061 | Temple   | Entered the Ecumenical Temple
  3070 | Temple   | Became a worshipper of Ru the Awakened
  3262 | D:4      | Reached skill level 5 in Transmutations
  3262 | D:4      | Reached XP level 6. HP: 47/47 MP: 11/11
  3263 | D:4      | Identified the +0 leather armour of Keakiet {Str+3 Dex+3}
  3669 | D:4      | Learned a level 4 spell: Ice Form
  3680 | D:5      | Entered Level 5 of the Dungeon
  3772 | D:5      | Reached skill level 1 in Ice Magic
  4214 | D:5      | Noticed an ice beast
  4219 | D:5      | HP: 2/47 [ice beast (14)]
  4221 | D:5      | Mangled by an ice beast

Vanquished Creatures
  A centaur (D:5)
  A scorpion (D:4)
  A hound (D:5)
  An orc priest (D:5)
  Robin (D:2)
  11 gnolls
  6 adders
  3 ufetubi
  A worm (D:4)
  3 dart slugs
  4 orcs
  6 ball pythons
  4 bats
  7 endoplasms
  6 giant cockroaches
  17 goblins
  11 hobgoblins
  6 jackals
  7 kobolds
  2 quokkas (D:4)
  5 frilled lizards
  5 rats
109 creatures vanquished.

Table legend:
 A = Non-vault XP
 B = Vault XP
 C = Vault XP percentage of total XP
 D = Non-vault monster count
 E = Vault monster count
 F = Vault count percentage of total count
                 A         B        C        D         E       F
            +---------+---------+-------+---------+---------+-------
      Total |     559 |     162 |  22.5 |      88 |      21 |  19.3
            +---------+---------+-------+---------+---------+-------
        D:1 |      45 |       0 |   0.0 |      27 |       0 |   0.0
        D:2 |     137 |      37 |  21.3 |      21 |      12 |  36.4
        D:3 |     120 |       1 |   0.8 |      24 |       1 |   4.0
        D:4 |      24 |     124 |  83.8 |       8 |       8 |  50.0
        D:5 |     233 |       0 |   0.0 |       8 |       0 |   0.0
            +---------+---------+-------+---------+---------+-------

Illustrated notes

Table legend:
 A = Kills in this place as a percentage of kills in entire the game.
 B = Kills by you in this place as a percentage of kills by you in the entire game.
 C = Kills by friends in this place as a percentage of kills by friends in the entire game.
 D = Other kills in this place as a percentage of other kills in the entire game.
 E = Experience gained in this place as a percentage of experience gained in the entire game.
 F = Experience gained in this place divided by the number of levels of this place that you have seen.
                   A       B       C       D       E      F
               +-------+-------+-------+-------+-------+----------------------
         Total | 100.0 | 100.0 |   N/A |   N/A | 100.0 | 120.2
       Dungeon | 100.0 | 100.0 |   N/A |   N/A | 100.0 | 144.2
               +-------+-------+-------+-------+-------+----------------------

Table legend: (Time is in decaauts)
 A = Elapsed time spent in this place.
 B = Non-inter-level travel time spent in this place.
 C = Inter-level travel time spent in this place.
 D = Time resting spent in this place.
 E = Time spent auto-exploring this place.
 F = Levels seen in this place.
 G = Mean time per level.
                   A        B        C        D        E       F      G
               +--------+--------+--------+--------+--------+-----+--------+
         Total |   4204 |   4081 |    123 |     56 |   3225 |   6 |  700.7 |
       Dungeon |   4158 |   4058 |    100 |     56 |   3223 |   5 |  831.6 |
        Temple |     45 |     23 |     22 |      0 |      2 |   1 |   45.0 |
               +--------+--------+--------+--------+--------+-----+--------+

Top non-repeatable levels by time:
     D:2: 1351 daAuts
     D:1: 832 daAuts
     D:3: 750 daAuts
     D:4: 686 daAuts
     D:5: 538 daAuts
  Temple: 45 daAuts
